 Dungeon Crawl Stone Soup version 0.25.1-2-g60ff931df9 (webtiles) character file.

Game seed: 8346172547384710601

33931 zeroc00l the Nimble (level 13, -4/79 HPs)
             Began as a Vampire Wizard on Oct 1, 2020.
             Was a High Priest of Vehumet.
             Slain by a +0 mace of flaming (15 damage)
             ... in a volcano.
             The game lasted 01:44:01 (20403 turns).

zeroc00l the Nimble (Vampire Wizard)               Turns: 20403, Time: 01:44:01

Health: -4/79      AC:  7    Str: 12    XL:     13   Next: 39%
Magic:  1/27       EV: 19    Int: 28    God:    Vehumet [*****.]
Gold:   606        SH:  0    Dex: 13    Spells: 2/32 levels left

rFire    + + .     SeeInvis +   b - +4 scimitar (drain)
rCold    x . .     Gourm    .   (no shield)
rNeg     . . .     Faith    .   u - +2 robe {rF+}
rPois    .         Spirit   .   n - +1 hat {Int+3}
rElec    .         Reflect  .   (no cloak)
rCorr    .         Harm     .   s - +0 pair of gloves
MR       +....                  W - +0 pair of boots
Stlth    ++........             (no amulet)
HPRegen  0.43/turn              k - ring of fire
MPRegen  0.20/turn              V - +6 ring of strength

@: regenerating quickly
A: no food, fangs 3, see invisible, unbreathing
a: Exsanguinate, Renounce Religion


You were in a volcano.
You worshipped Vehumet.
Vehumet was extremely pleased with you.
You were alive.

You visited 3 branches of the dungeon, and saw 17 of its levels.
You visited the Abyss 1 time.
You also visited: Ossuary and Volcano.

You collected 1146 gold pieces.
You spent 540 gold pieces at shops.

Inventory:

Hand Weapons
 a - a +1 vorpal falchion
 b - a +4 scimitar of draining (weapon)
 f - a +4 spear of venom
 t - the +9 broad axe of the Wilderness {speed, Dex+5}
   (You found it on level 2 of the Abyss)

   Attacks with this weapon are significantly faster.
   It affects your dexterity (+5).
 B - a +4 great sword
Missiles
 v - 4 silver javelins
 x - 6 atropa-tipped darts
 D - 5 curare-tipped darts
 E - 45 poisoned darts (quivered)
Armour
 n - a +1 hat of intelligence (worn)
 s - a +0 pair of gloves (worn)
 u - a +2 robe of fire resistance (worn)
 L - +1 steam dragon scales
 W - a +0 pair of boots (worn)
Magical Staves
 Q - an uncursed staff of air
Jewellery
 k - a ring of fire (left hand)
 r - an uncursed ring of magical power
 w - a +4 ring of evasion
 G - an uncursed ring of resist corrosion
 H - an uncursed ring of flight
 P - an uncursed ring of poison resistance
 V - a +6 ring of strength (right hand)
Wands
 c - a wand of random effects (41)
 j - a wand of acid (13)
 m - a wand of digging (12)
 o - a wand of enslavement (10)
 y - a wand of iceblast (14)
 R - a wand of polymorph (16)
 X - a wand of flame (16)
Scrolls
 d - 5 scrolls of teleportation
 i - 5 scrolls of identify
 U - 3 scrolls of remove curse
Potions
 e - a potion of stabbing
 g - 2 potions of curing
 h - 4 potions of heal wounds
 l - a potion of invisibility {unknown}
 p - 2 potions of ambrosia
 q - a potion of might
 z - a potion of haste
 A - a potion of brilliance
 F - 2 potions of resistance


   Skills:
   Level 3.3(8.3) Short Blades
 + Level 10.8(11.0) Long Blades
 + Level 11.0 Dodging
 - Level 4.0 Stealth
 + Level 10.0 Spellcasting
 * Level 7.0 Conjurations
 - Level 4.0 Summonings
 + Level 3.1 Translocations
 - Level 3.0 Fire Magic
 - Level 6.0 Ice Magic
 - Level 5.0 Air Magic
 - Level 3.0 Earth Magic
 - Level 2.1 Poison Magic


You had 2 spell levels left.
You knew the following spells:

 Your Spells              Type           Power        Failure   Level  Hunger
a - Magic Dart            Conj           ####         1%          1    N/A
b - Blink                 Tloc           N/A          1%          2    N/A
c - Call Imp              Summ           #####...     1%          2    N/A
d - Mephitic Cloud        Conj/Pois/Air  #####...     1%          3    N/A
e - Conjure Flame         Conj/Fire      ######..     1%          3    N/A
f - Freeze                Ice            ####         1%          1    N/A
g - Stone Arrow           Conj/Erth      #####.       1%          3    N/A
h - Frozen Ramparts       Ice            #####.       1%          3    N/A
i - Summon Ice Beast      Ice/Summ       #####...     4%          4    N/A
j - Airstrike             Air            #####.....   1%          4    N/A
k - Iskenderun's Mystic   Conj/Tloc      #####...     1%          4    N/A

Your spell library contained the following spells:

 Spells                   Type           Power        Failure   Level  Hunger
 Yara's Violent Unravell  Hex/Tmut       ##........   28%         5    N/A
 Apportation              Tloc           ####..       1%          1    N/A
 Summon Small Mammal      Summ           ####         1%          1    N/A
 Searing Ray              Conj           ######       1%          2    N/A
 Animate Skeleton         Necr           N/A          4%          1    N/A
 Corona                   Hex            ##.....      4%          1    N/A
 Slow                     Hex            ##......     6%          2    N/A
 Dazzling Flash           Conj/Hex       ####..       1%          3    N/A
 Inner Flame              Hex/Fire       ####....     1%          3    N/A
 Hailstorm                Conj/Ice       ######..     1%          4    N/A
 Fulminant Prism          Conj/Hex       ####......   2%          4    N/A
 Ozocubu's Armour         Chrm/Ice       ####....     3%          3    N/A
 Portal Projectile        Hex/Tloc       ###...       6%          3    N/A
 Leda's Liquefaction      Hex/Erth       ###.......   22%         4    N/A
 Cause Fear               Hex            ##........   36%         4    N/A

Dungeon Overview and Level Annotations

Branches:
Dungeon (14/15)            Temple (1/1) D:5            Lair (2/6) D:11
    Orc (0/2) D:11         Vaults (0/5) D:14        Ossuary (visited)
Volcano (1/1)
  Swamp: Lair:2-4    Shoals: Lair:2-4     Snake: Lair:2-4    Spider: Lair:2-4

Altars:
Ashenzari
Cheibriados
Dithmenos
Elyvilon
Fedhas
Gozag
Hepliaklqana
Kikubaaqudgha
Makhleb
Nemelex Xobeh
Okawaru
Qazlal
Ru
Sif Muna
Trog
Uskayaw
Vehumet
Wu Jian
Xom
Yredelemnul
Zin
The Shining One
Beogh

Shops:
D:8 *


Innate Abilities, Weirdness & Mutations

You do not eat.
Your natural rate of healing is unusually fast.
You have razor-sharp teeth.
You have supernaturally acute eyesight. (SInv)
You can survive without breathing.


Message History

The +0 mace of flaming is lightly damaged.
Your ice beast hits the +0 mace of flaming.
Your ice beast freezes the +0 mace of flaming.
The +0 mace of flaming resists.
The +0 mace of flaming hits you.
You closely miss the +0 mace of flaming.
The +0 mace of flaming is lightly damaged.
The +0 mace of flaming hits you!
* * * LOW HITPOINT WARNING * * *
The +0 mace of flaming burns you.
* * * LOW HITPOINT WARNING * * *
Your ice beast barely misses the +0 mace of flaming.
Casting: Stone Arrow (safe; 1% risk of failure)
Confirm with . or Enter, or press ? or * to list all spells.
Aiming: Stone Arrow (safe; 1% risk of failure)
Press: ? - help, Shift-Dir - straight line, f/p - +0 mace of flaming
Aim: a +0 mace of flaming (lightly damaged)
The stone arrow hits the +0 mace of flaming!
The +0 mace of flaming is severely damaged.
The +0 mace of flaming hits you!
You die...

....#......)..).....#§≈≈≈≈≈
∩.∩.'.#'#####+#'###.+..≈.#
....#.#...#......#..#..###
#+################'##.##
#≈≈♣♣≈......#...###
#≈≈♣≈≈.....)'.∩.########
#≈≈%≈......)#.....'....#
######################.#
§§≈≈≈≈ #@(.[[)$$.#.#
≈§≈§≈≈### #Y#$$!([[(#.#
≈§§≈### #Y#..$!$$)#.# #≈##
#.#########.# ##
#...........# #############


You could see a +0 mace of flaming and 2 friendly ice beasts.

Vanquished Creatures
  Gastronok (Lair:2)
  A hydra (Lair:1)
  3 centaur warriors
  5 two-headed ogres
  An ogre mage (D:14)
  Sonja (D:11)
  2 unseen horrors (D:12)
  4 wizards (Volcano)
  A lindwurm (Lair:2)
  A deep elf mage (D:12)
  7 ugly things
  A cyclops (D:13)
  An elephant (D:11)
  2 toenail golems (Volcano)
  A centaur skeleton (D:10)
  A spiny frog (Lair:1)
  A gargoyle (D:10)
  A komodo dragon (shapeshifter) (D:14)
  A troll (D:10)
  A hornet (D:8)
  2 hippogriffs
  3 slime creatures
  A meliai zombie (D:12)
  A centaur simulacrum (D:10)
  5 shadows
  2 wyverns
  22 yaks
  A basilisk (Lair:1)
  Grum (D:9)
  2 steam dragons (D:7)
  Edmund (D:6)
  An acid dragon (D:11)
  A porcupine (Lair:2)
  5 water moccasins
  3 sky beasts
  6 orc warriors
  2 black bears
  2 ice beasts
  3 necrophages
  3 phantoms
  5 ogres
  2 wolves (D:9)
  13 centaurs
  4 crocodiles
  2 big kobolds
  12 bullfrogs
  2 gnoll sergeants
  A scorpion (Lair:2)
  A water moccasin skeleton (D:11)
  6 killer bees
  14 wights
  4 bullfrog zombies
  A crimson imp (D:6)
  5 howler monkeys
  A centaur zombie (D:10)
  2 quasits
  11 orc priests
  4 hounds
  2 jellies (D:8)
  Jessica (D:2)
  5 iguanas
  4 worker ants
  16 orc wizards
  A big kobold zombie (Ossuary)
  A hound zombie (D:9)
  A hound skeleton (D:4)
  8 mummies
  Robin (D:2)
  A worker ant zombie (D:11)
  6 gnolls
  15 adders
  10 shadow imps
  2 oozes (D:6)
  An adder skeleton (D:10)
  A worm (D:5)
  3 leopard geckos
  42 orcs
  9 giant cockroaches
  13 hobgoblins
  12 jackals
  7 quokkas
  A ball python (D:1)
  A ball python skeleton (D:4)
  4 bats
  8 frilled lizards
  13 goblins
  A goblin zombie (D:5)
  A hobgoblin zombie (Ossuary)
  13 kobolds
  3 kobold zombies (Ossuary)
  3 orc zombies (Ossuary)
  9 rats
  A rat zombie (D:5)
414 creatures vanquished.

Vanquished Creatures (collateral kills)
  A two-headed ogre (D:10)
  5 ugly things
  A toenail golem (Volcano)
  2 centaur skeletons (D:14)
  A troll (D:14)
  A slime creature (D:10)
  A wraith (D:10)
  2 yaks
  A soldier ant (D:11)
  An orc warrior (D:12)
  A sky beast (D:12)
  An ogre (D:10)
  A crocodile (D:11)
  A big kobold (D:10)
  A crimson imp (D:4)
  2 orc wizards
  2 hounds
  2 iguanas
  A worker ant (D:9)
  A mummy (Ossuary)
  2 gnolls (D:11)
  An adder (D:9)
  10 orcs
  A hobgoblin (D:2)
  A jackal (D:1)
  3 kobolds (D:10)
  A quokka (D:12)
  A rat (D:3)
49 creatures vanquished.

Vanquished Creatures (others)
  An orc wizard (D:11)
  A fungus (Lair:1)
  7 plants (Lair:1)
9 creatures vanquished.

Grand Total: 472 creatures vanquished

Notes
Turn   | Place    | Note
-------+----------+-------------------------------------------
     0 | D:1      | zeroc00l the Vampire Wizard began the quest for the Orb.
     0 | D:1      | Reached XP level 1. HP: 13/13 MP: 4/4
   247 | D:1      | Reached skill level 1 in Conjurations
   395 | D:1      | Reached XP level 2. HP: 19/19 MP: 4/6
   442 | D:1      | Learned a level 2 spell: Call Imp
   445 | D:1      | Learned a level 2 spell: Blink
  1176 | D:1      | Reached XP level 3. HP: 13/24 MP: 1/7
  1237 | D:1      | Learned a level 3 spell: Mephitic Cloud
  1559 | D:2      | Noticed Jessica
  1561 | D:2      | Killed Jessica
  1720 | D:2      | Reached XP level 4. HP: 19/30 MP: 1/9
  1813 | D:2      | Noticed Robin
  1835 | D:2      | Killed Robin
  1948 | D:2      | Found a shattered altar of Ashenzari.
  2251 | D:2      | Reached skill level 3 in Dodging
  2440 | D:3      | Reached skill level 1 in Short Blades
  2715 | D:3      | Found a stormy altar of Qazlal.
  2814 | D:3      | Found a hide-covered altar of Uskayaw.
  2819 | D:3      | Reached XP level 5. HP: 33/35 MP: 10/10
  2825 | D:3      | Learned a level 3 spell: Conjure Flame
  3557 | D:4      | Reached XP level 6. HP: 34/41 MP: 4/11
  3560 | D:4      | Learned a level 1 spell: Freeze
  4283 | D:4      | Found a sparkling altar of Nemelex Xobeh.
  4718 | D:5      | Entered Level 5 of the Dungeon
  4775 | D:5      | Reached XP level 7. HP: 44/46 MP: 13/13
  4791 | D:5      | Reached skill level 1 in Long Blades
  4965 | D:5      | Found a staircase to the Ecumenical Temple.
  4974 | Temple   | Entered the Ecumenical Temple
  5087 | Temple   | Became a worshipper of Vehumet
  5128 | D:5      | Reached skill level 4 in Dodging
  5275 | D:5      | Found a sand-covered staircase.
  5282 | Ossuary  | Entered an ossuary
  5897 | D:5      | Reached * piety under Vehumet
  5897 | D:5      | Offered knowledge of Sandblast by Vehumet.
  6134 | D:5      | Reached skill level 1 in Translocations
  6134 | D:5      | Reached XP level 8. HP: 52/52 MP: 9/14
  6539 | D:5      | Found a shimmering blue altar of Sif Muna.
  6854 | D:6      | Found a blossoming altar of Fedhas.
  6891 | D:6      | Reached skill level 5 in Dodging
  7052 | D:6      | Noticed Edmund
  7092 | D:6      | Killed Edmund
  7092 | D:6      | Reached skill level 5 in Spellcasting
  7397 | D:6      | HP: 1/52 [centaur (4)]
  7788 | D:7      | Got an ichor-stained flail
  7789 | D:7      | Identified the +2 flail of Foharoc {elec, rC+ Dex+8 Stlth-}
                  | (You found it on level 7 of the Dungeon)
  8008 | D:7      | Offered knowledge of Shock by Vehumet.
  8011 | D:7      | Learned a level 1 spell: Shock
  8015 | D:7      | Learned a level 3 spell: Frozen Ramparts
  8181 | D:7      | Found a shimmering altar of Xom.
  8238 | D:7      | Reached skill level 5 in Long Blades
  8439 | D:7      | Reached skill level 1 in Ice Magic
  8443 | D:7      | Reached ** piety under Vehumet
  8555 | D:7      | Found a snail-covered altar of Cheibriados.
  8722 | D:7      | Reached XP level 9. HP: 50/57 MP: 17/17
  8965 | D:7      | Found an iron altar of Okawaru.
  9164 | D:7      | Found a shadowy altar of Dithmenos.
  9255 | D:8      | Found a basalt altar of Yredelemnul.
  9618 | D:8      | Reached skill level 6 in Dodging
  9654 | D:8      | Found Kiapn's Assorted Antiques.
  9659 | D:8      | Bought a wide hardcover book for 540 gold pieces
 10282 | D:8      | Learned a level 4 spell: Summon Ice Beast
 10398 | D:8      | Offered knowledge of Stone Arrow by Vehumet.
 10530 | D:8      | Found an ornate altar of the Wu Jian Council.
 11073 | D:9      | Reached skill level 5 in Ice Magic
 11073 | D:9      | Reached XP level 10. HP: 61/63 MP: 19/19
 11122 | D:9      | Noticed Grum
 11132 | D:9      | Killed Grum
 11337 | D:9      | Reached *** piety under Vehumet
 11342 | D:9      | Learned a level 3 spell: Stone Arrow
 11496 | D:9      | Reached skill level 7 in Dodging
 11793 | D:9      | Found a bloodstained altar of Trog.
 11837 | D:9      | Noticed a two-headed ogre
 11853 | D:9      | Killed a two-headed ogre
 12324 | D:10     | Entered Level 10 of the Dungeon
 12415 | D:10     | Noticed a gargoyle
 12423 | D:10     | Reached skill level 1 in Earth Magic
 12625 | D:9      | Offered knowledge of Airstrike by Vehumet.
 12769 | D:10     | Killed a gargoyle
 13151 | D:10     | Reached skill level 1 in Air Magic
 13151 | D:10     | Reached skill level 1 in Poison Magic
 13169 | D:10     | Reached skill level 8 in Dodging
 13720 | D:10     | Reached XP level 11. HP: 63/68 MP: 22/22
 13898 | D:11     | Noticed a two-headed ogre
 13927 | D:10     | Killed a two-headed ogre
 13934 | D:10     | Learned a level 4 spell: Airstrike
 14233 | D:11     | Reached **** piety under Vehumet
 14372 | D:11     | Offered knowledge of Static Discharge by Vehumet.
 15127 | D:11     | Noticed a two-headed ogre
 15128 | D:11     | Found a staircase to the Lair.
 15136 | D:11     | Killed a two-headed ogre
 15138 | D:11     | Noticed Sonja
 15161 | D:11     | Killed Sonja
 15161 | D:11     | Reached skill level 9 in Dodging
 15416 | D:11     | Found a staircase to the Orcish Mines.
 15456 | D:11     | Found a roughly hewn altar of Beogh.
 15462 | D:11     | Noticed a white ugly thing
 15465 | D:11     | Reached ***** piety under Vehumet
 15465 | D:11     | Offered knowledge of Conjure Ball Lightning by Vehumet.
 15473 | D:11     | Noticed a green ugly thing
 15474 | D:11     | Killed a white ugly thing
 15498 | D:11     | Killed a green ugly thing
 15515 | D:11     | HP: 3/68 [poisoned by a green ugly thing]
 15921 | D:12     | Noticed an unseen horror
 15940 | D:12     | Killed an unseen horror
 15940 | D:12     | Reached skill level 1 in Fire Magic
 15985 | D:12     | Noticed a deep elf mage
 15991 | D:12     | Killed a deep elf mage
 16161 | D:12     | Noticed a brown ugly thing
 16168 | D:12     | Noticed a white ugly thing
 16173 | D:12     | Killed a brown ugly thing
 16180 | D:12     | Killed a white ugly thing
 16242 | D:12     | Noticed a green ugly thing
 16250 | D:12     | Killed a green ugly thing
 16250 | D:12     | Reached skill level 5 in Air Magic
 16250 | D:12     | Reached XP level 12. HP: 43/74 MP: 1/24
 17008 | D:13     | Noticed a centaur warrior
 17020 | D:13     | Killed a centaur warrior
 17115 | D:13     | Reached skill level 10 in Dodging
 17432 | D:13     | Noticed a centaur warrior
 17450 | D:13     | Killed a centaur warrior
 17450 | D:13     | Reached skill level 5 in Conjurations
 17652 | D:13     | Reached skill level 10 in Long Blades
 18185 | D:14     | Noticed a two-headed ogre
 18185 | D:14     | Noticed an ogre mage
 18188 | D:14     | Noticed a two-headed ogre
 18193 | D:14     | Killed a two-headed ogre
 18204 | D:14     | Killed an ogre mage
 18209 | D:14     | Killed a two-headed ogre
 18347 | D:14     | Found a gate to the Vaults.
 18410 | D:14     | Noticed a centaur warrior
 18411 | D:14     | Offered knowledge of Yara's Violent Unravelling by Vehumet.
 18436 | D:14     | Killed a centaur warrior
 18947 | D:14     | Noticed a two-headed ogre
 18958 | D:14     | Killed a two-headed ogre
 18958 | D:14     | Reached XP level 13. HP: 79/79 MP: 18/26
 18964 | D:14     | Learned a level 4 spell: Iskenderun's Mystic Blast
 19251 | Lair:1   | Entered Level 1 of the Lair of Beasts
 20036 | Lair:2   | Noticed Gastronok
 20053 | Lair:2   | Killed Gastronok
 20074 | Lair:2   | Found a dark tunnel.
 20196 | Volcano  | Entered a volcano
 20210 | Volcano  | Cast into level 2 of the Abyss (a wizard)
 20249 | Abyss:2  | Got a translucent broad axe
 20250 | Abyss:2  | Identified the +9 broad axe of the Wilderness {speed,
                  | Dex+5} (You found it on level 2 of the Abyss)
 20276 | Volcano  | Escaped the Abyss
 20323 | Volcano  | Reached skill level 11 in Dodging
 20327 | Volcano  | Reached skill level 10 in Spellcasting
 20403 | Volcano  | Slain by a +0 mace of flaming

Illustrated notes

Levels and vault maps discovered:
D:1:      scummos_arrival_hexagon, layout_basic, st_stairs_14
D:2:      layout_basic, nicolae_ashenzari_panopticon, first_ration,
          uniq_jessica, uniq_robin
D:3:      layout_basic, overflow_temple_1_default, old_standard_altar
D:4:      layout_layer_cave, old_standard_altar, minivault_24
D:5:      layout_basic, lemuel_blue_sif_altar, minmay_temple_entry_ruins,
          enter_ossuary_4
D:6:      layout_basic, lemuel_crystal_altar, uniq_edmund
D:7:      layout_loops_corners, kennysheep_little_box, lemuel_doored_altar,
          slow_altar_1, lemuel_round_altar
D:8:      layout_rooms, marbit_many_paths, yredelemnul_altar_generic,
          serial_shops, nicolae_shop_statue_plus
D:9:      layout_layer_cave, kennysheep_mini, uniq_grum
D:10:     layout_irregular_city
D:11:     layout_basic, david_lair_generic, minmay_orc_entry_temple_small,
          uniq_sonja
D:12:     layout_cross
D:13:     layout_loops_cross
D:14:     layout_rooms, david_vaults_2, roderic_st_hans_cross
Temple:   kb_temple_of_zot
Lair:1:   layout_chaotic_city, hangedman_lair_unloving_vines, lemuel_fruit_tree
Lair:2:   layout_regular_city, nicolae_volcano_entry_vermiform, zaba_anthell,
          grunt_megastairs_4, serial_bayou_shore_b, lemuel_fruit_fields,
          uniq_gastronok
Volcano:  volcano_bunker

Skill      XL: |  1  2  3  4  5  6  7  8  9 10 11 12 13 |
---------------+----------------------------------------+-----
Conjurations   | 1 2 3 4 6 7 |  7.0
Stealth        | 4 |  4.0
Dodging        | 3 4 5 6 8 9 10 11 | 11.0
Short Blades   | 1 2 3 |  3.3
Spellcasting   | 4 5 6 7 8 9 10 | 10.0
Long Blades    | 3 5 7 8 9 10 | 10.8
Translocations | 1 2 3 |  3.1
Summonings     | 3 4 |  4.0
Ice Magic      | 1 5 6 |  6.0
Earth Magic    | 3 |  3.0
Air Magic      | 2 5 |  5.0
Poison Magic   | 2 |  2.1
Fire Magic     | 1 3 |  3.0

Action                   |  1- 3 |  4- 6 |  7- 9 | 10-12 | 13-15 || total
-------------------------+-------+-------+-------+-------+-------++-------
Melee: Unarmed           |    44 |       |       |       |       ||    44
       Bite              |     8 |     8 |    31 |    59 |     5 ||   111
       Short sword       |    26 |     5 |       |       |       ||    31
       Rapier            |       |    80 |       |       |       ||    80
       Falchion          |       |    22 |   322 |   136 |     1 ||   481
       Scimitar          |       |       |       |   269 |    31 ||   300
       Great sword       |       |       |       |    47 |       ||    47
Throw: Dart              |       |       |    15 |    15 |       ||    30
       Javelin           |       |       |       |     1 |       ||     1
 Cast: Magic Dart        |    80 |   127 |   277 |   267 |    19 ||   770
       Call Imp          |     1 |    13 |    19 |     8 |       ||    41
       Mephitic Cloud    |     1 |     4 |    18 |    55 |     2 ||    80
       Blink             |       |       |    10 |    15 |     2 ||    27
       Conjure Flame     |       |       |     8 |    21 |       ||    29
       Freeze            |       |       |    15 |     7 |     2 ||    24
       Shock             |       |       |     8 |       |       ||     8
       Frozen Ramparts   |       |       |     5 |     8 |     2 ||    15
       Summon Ice Beast  |       |       |       |    41 |     2 ||    43
       Stone Arrow       |       |       |       |   121 |    55 ||   176
       Airstrike         |       |       |       |     1 |       ||     1
       Iskenderun's Myst |       |       |       |       |     1 ||     1
  Use: Scroll            |       |     4 |     5 |    17 |     4 ||    30
       Potion            |       |       |     7 |     4 |     1 ||    12
 Stab: Sleeping          |     1 |     2 |     3 |     2 |       ||     8
       Distracted        |       |     2 |       |     4 |       ||     6
       Confused          |       |     2 |     8 |    29 |     2 ||    41
Armor: Robe              |    26 |    20 |       |       |     3 ||    49
       Leather armour    |       |    12 |    33 |       |       ||    45
       Steam dragon scal |       |       |    27 |    85 |    11 ||   123
Dodge: Dodged            |    57 |   100 |   338 |   441 |    38 ||   974
       Rpst.: Falchion   |       |     5 |   113 |    46 |     2 ||   166
       Scimitar          |       |       |       |    60 |     9 ||    69
       Great sword       |       |       |       |    11 |       ||    11
